 Dungeon Crawl Stone Soup version 0.20-a0-681-gf83e07f (webtiles) character file.

53 FitzyFitz the Grasshopper (level 3, 0/27 HPs)
             Began as a Demonspawn Warper on Feb 19, 2017.
             Slain by an adder (4 damage)
             ... on level 2 of the Dungeon.
             The game lasted 00:03:59 (1811 turns).

FitzyFitz the Grasshopper (Demonspawn Warper)       Turns: 1811, Time: 00:04:00

Health: 0/27       AC:  3    Str: 11    XL:     3   Next: 64%
Magic:  1/6        EV: 11    Int: 15    God:
Gold:   58         SH:  0    Dex: 12    Spells: 2/6 levels left

rFire    . . .     SeeInvis .   a - +0 hand axe
rCold    . . .     Gourm    .   b - +0 leather armour
rNeg     . . .     Faith    .   (no shield)
rPois    .         Spirit   .   (no helmet)
rElec    .         Reflect  .   (no cloak)
rCorr    .         Harm     .   (no gloves)
MR       .....                  (no boots)
Stlth    +.........             (no amulet)
Regen    0.1/turn               (no ring)
MPRegen  0.1/turn               j - +3 ring of slaying

@: very slightly contaminated
A: claws 1
a: no special abilities


You were on level 2 of the Dungeon.
You were not hungry.

You visited 1 branch of the dungeon, and saw 2 of its levels.

You collected 58 gold pieces.

Inventory:

Hand Weapons
 a - a +0 hand axe (weapon)
Missiles
 e - 5 tomahawks of dispersal (quivered)
Armour
 b - a +0 leather armour (worn)
Jewellery
 j - a +3 ring of slaying (left claw)
Scrolls
 d - 2 scrolls of blinking
 h - a scroll of enchant weapon {unknown}
 i - a scroll of teleportation {unknown}
Books
 c - a book of Spatial Translocations

   Spells                             Type                      Level
   a - Blink                          Translocation                2
   b - Shroud of Golubria             Charms/Translocation         2
   c - Lesser Beckoning               Translocation                3
   d - Portal Projectile              Translocation                3
   e - Teleport Other                 Translocation                3
   f - Passage of Golubria            Translocation                4
Comestibles
 f - a bread ration
 g - 3 chunks of flesh


   Skills:
 - Level 2.0 Fighting
 - Level 2.5 Axes
 - Level 0.8 Throwing
 - Level 0.8 Armour
 - Level 1.7 Dodging
 + Level 2.4 Unarmed Combat
 - Level 2.0 Spellcasting
 - Level 2.6 Translocations


You had 2 spell levels left.
You knew the following spells:

 Your Spells              Type           Power        Failure   Level  Hunger
a - Blink                 Tloc           N/A          17%         2    ###....
b - Shroud of Golubria    Chrm/Tloc      #.........   30%         2    ###....


Dungeon Overview and Level Annotations

Branches:
Dungeon (2/15)

Altars:


Innate Abilities, Weirdness & Mutations

You have sharp fingernails.


Message History

You aren't carrying any potions.
Casting: Blink
Confirm with . or Enter, or press ? or * to list all spells.
You blink.
Things that are here:
a whip; a kobold skeleton
There is a stone staircase leading up here.
Casting: Blink
Confirm with . or Enter, or press ? or * to list all spells.
You miscast Shroud of Golubria.
You are very lightly contaminated with residual magic.
You spin around.
The adder bites you.
* * * LOW HITPOINT WARNING * * *
Casting: Shroud of Golubria
Confirm with . or Enter, or press ? or * to list all spells.
You don't have enough magic to cast that spell.
You hit the adder.
The adder is heavily wounded.
The adder bites you.
You die...

#.....#....#####.#
#..#######.### #.#
##.....).....# #.#
#.....#####.# #r#
########.##).# #.#
#.# ...(.........#
#.# #.#
.........###.# #.#
#.# ##########
#.#####.#
#.########
#####.S@....#
#....S.r..
#....<....####
#########.
#.#######.# ####.
#......# #....
#.###### #r### #.#
#.# ########.#
.........#


You could see an adder.

Vanquished Creatures
  An adder (D:2)
  An ooze (D:1)
  A dart slug (D:1)
  A leopard gecko (D:1)
  A ball python (D:1)
  3 giant cockroaches (D:1)
  A goblin (D:1)
  7 hobgoblins
  A quokka (D:2)
  5 bats
  8 kobolds
  4 rats
34 creatures vanquished.

Notes
Turn   | Place    | Note
-------+----------+-------------------------------------------
     0 | D:1      | FitzyFitz the Demonspawn Warper began the quest for the Orb.
     0 | D:1      | Reached XP level 1. HP: 16/16 MP: 3/3
   135 | D:1      | Gained mutation: You have sharp fingernails. [demonic ancestry]
   135 | D:1      | Reached XP level 2. HP: 12/22 MP: 5/5
   581 | D:1      | Reached skill level 1 in Unarmed Combat
  1368 | D:1      | Reached XP level 3. HP: 27/27 MP: 6/6
  1521 | D:1      | Learned a level 2 spell: Blink
  1524 | D:1      | Learned a level 2 spell: Shroud of Golubria
  1811 | D:2      | Slain by an adder

Vault maps used:
D:1:      dpeg_arrival_snail
D:2:      nemelex_xobeh_ov_fountains_minmay, first_bread, uniq_jessica

Skill      XL: |  1  2  3 |
---------------+----------+-----
Axes           | 2 |  2.5
Unarmed Combat | 1 2 |  2.4
Fighting       | |  2.0
Throwing       | |  0.8
Armour         | |  0.8
Dodging        | |  1.7
Spellcasting   | |  2.0
Translocations | |  2.6

Action                   || total
-------------------------++-------
Melee: Hand axe          ||   102
       Unarmed           ||    17
 Cast: Blink             ||     3
       Shroud of Golubri ||     1
  Eat: Chunk             ||     3
Armor: Leather armour    ||    39
Dodge: Dodged            ||    90
